 Dungeon Crawl Stone Soup version 0.22.1-2-g9c5b331383 (webtiles) character file.

879 Revguard the Slasher (level 7, -1/54 HPs)
             Began as a Demonspawn Fighter on Dec 8, 2018.
             Killed by divine providence
             ... invoked by an orc priest
              (15 damage)
             ... on level 5 of the Dungeon.
             The game lasted 00:12:56 (3857 turns).

Revguard the Slasher (Demonspawn Fighter)           Turns: 3857, Time: 00:12:58

Health: -1/54      AC: 16    Str: 19    XL:     7   Next: 75%
Magic:  7/7        EV:  9    Int:  9    God:
Gold:   274        SH:  9    Dex: 12    Spells: 6/6 levels left

rFire    . . .     SeeInvis .   a - +0 long sword
rCold    . . .     Gourm    .   c - +0 shield
rNeg     + . .     Faith    .   s - +4 ring mail
rPois    .         Spirit   .   d - +2 helmet
rElec    .         Reflect  .   k - +0 cloak
rCorr    .         Harm     .   (no gloves)
MR       .....                  (no boots)
Stlth    +.........             n - amulet of the acrobat
HPRegen  0.18/turn              o - ring of wizardry
MPRegen  0.10/turn              j - ring of positive energy

@: no status effects
A: claws 1, iridescent scales 1, rot immunity
a: no special abilities


You were on level 5 of the Dungeon.
You were near starving.

You visited 1 branch of the dungeon, and saw 5 of its levels.

You collected 274 gold pieces.

Inventory:

Hand Weapons
 a - a +0 long sword (weapon)
Armour
 c - a +0 shield (worn)
 d - a +2 helmet (worn)
 k - a +0 cloak (worn)
 s - a +4 ring mail (worn)
Jewellery
 j - a ring of positive energy (right claw)
 m - an uncursed ring of attention
 n - an amulet of the acrobat (around neck)
 o - a ring of wizardry (left claw)
Wands
 p - a wand of digging (10)
Scrolls
 b - a scroll of fog
 e - 2 scrolls of remove curse
 h - 6 scrolls of teleportation
 i - 3 scrolls of identify
Potions
 g - 2 potions of curing
 l - a potion of heal wounds
 r - a potion of agility
Comestibles
 f - 9 rations


   Skills:
 + Level 4.1 Fighting
 + Level 5.1 Long Blades
 + Level 4.3 Armour
 + Level 2.5 Dodging
 + Level 4.5 Shields


You had 6 spell levels left.
You didn't know any spells.
Your spell library was empty.

Dungeon Overview and Level Annotations

Branches:
Dungeon (5/15)
 Temple: D:4-7

Altars:


Innate Abilities, Weirdness & Mutations

You have sharp fingernails.
You are partially covered in iridescent scales. (AC +2)
You are immune to rotting.


Message History

Beogh smites you!
* * * LOW HITPOINT WARNING * * *
You feel much better.
You hit the orc.
The orc is severely wounded.
The orc priest begins to cast a cantrip, but forgets the words!
The orc hits you with a flail.
You hit the orc.
You kill the orc!
The orc priest looks satisfied for a moment.
You hit the orc priest but do no damage.
The orc priest mumbles some strange prayers to Beogh against you.
Beogh smites you!
You hit the orc priest.
The orc priest is lightly wounded.
The orc priest hits you.
* * * LOW HITPOINT WARNING * * *
The orc priest mumbles some strange prayers to Beogh against you.
Beogh smites you!
You die...

.. .#
##.##
#... #..#
#o. #o###
#@#.. .#
#>#.# .#
#.#.# .#
#.#.##.#
#......#
###.#.##
#....####
#.......+
##....###


You could see 2 orc priests.

Vanquished Creatures
  Edmund (D:4)
  Duvessa (D:4)
  A phantom (D:4)
  An ogre (D:4)
  Dowan (D:4)
  2 bullfrog skeletons
  2 orc wizards
  Crazy Yiuf (D:4)
  Terence (D:3)
  Ijyb (D:4)
  A hound skeleton (D:4)
  Robin (D:3)
  3 gnolls (D:3)
  5 adders
  A shadow imp (D:5)
  An ooze (D:3)
  3 adder skeletons
  2 worms (D:2)
  A dart slug (D:1)
  5 leopard geckos
  12 orcs
  2 ball pythons
  A bat (D:1)
  8 giant cockroaches
  3 hobgoblins
  11 jackals
  6 kobolds
  A quokka (D:2)
  5 frilled lizards
  10 goblins
  7 rats
101 creatures vanquished.

Vanquished Creatures (others)
  An orc wizard (D:4)
1 creature vanquished.

Grand Total: 102 creatures vanquished

Notes
Turn   | Place    | Note
-------+----------+-------------------------------------------
     0 | D:1      | Revguard the Demonspawn Fighter began the quest for the
                  | Orb.
     0 | D:1      | Reached XP level 1. HP: 18/18 MP: 1/1
    76 | D:1      | Gained mutation: You are partially covered in iridescent
                  | scales. (AC +2) [demonic ancestry]
    76 | D:1      | Reached XP level 2. HP: 24/24 MP: 2/2
   247 | D:1      | Reached skill level 2 in Long Blades
   329 | D:1      | Gained mutation: You have sharp fingernails. [demonic
                  | ancestry]
   329 | D:1      | Reached XP level 3. HP: 26/29 MP: 3/3
  1103 | D:2      | Reached XP level 4. HP: 27/35 MP: 4/4
  1434 | D:2      | Reached skill level 3 in Long Blades
  1818 | D:3      | Noticed Robin
  1831 | D:3      | Gained mutation: You are immune to rotting. [demonic
                  | ancestry]
  1831 | D:3      | Reached XP level 5. HP: 32/41 MP: 5/5
  1837 | D:3      | Killed Robin
  2070 | D:3      | Noticed Terence
  2078 | D:3      | Killed Terence
  2434 | D:3      | Reached skill level 1 in Dodging
  2638 | D:4      | Reached XP level 6. HP: 32/48 MP: 6/6
  2962 | D:4      | Reached skill level 4 in Long Blades
  3141 | D:4      | Noticed Duvessa
  3143 | D:4      | Noticed Dowan
  3146 | D:4      | Noticed Ijyb
  3174 | D:4      | Killed Duvessa
  3174 | D:4      | Reached XP level 7. HP: 24/54 MP: 7/7
  3225 | D:4      | Killed Ijyb
  3235 | D:4      | Killed Dowan
  3294 | D:4      | Found a runed door.
  3403 | D:4      | Noticed Crazy Yiuf
  3420 | D:4      | Killed Crazy Yiuf
  3525 | D:4      | Noticed Edmund
  3561 | D:4      | Killed Edmund
  3561 | D:4      | Reached skill level 5 in Long Blades
  3588 | D:5      | Entered Level 5 of the Dungeon
  3857 | D:5      | Killed from afar by an orc priest

Skill      XL: |  1  2  3  4  5  6  7 |
---------------+----------------------+-----
Long Blades    | 2 3 4 5 |  5.1
Shields        | 3 4 |  4.5
Armour         | 3 4 |  4.3
Dodging        | 1 2 |  2.5
Fighting       | 4 |  4.1

Action                   |  1- 3 |  4- 6 |  7- 9 || total
-------------------------+-------+-------+-------++-------
Melee: Long sword        |    96 |   236 |   102 ||   434
  Use: Potion            |       |     4 |     4 ||     8
       Scroll            |       |     6 |     1 ||     7
  Eat: Chunk             |       |     7 |     2 ||     9
Armor: Scale mail        |    48 |    81 |       ||   129
       Ring mail         |       |    90 |    57 ||   147
Dodge: Dodged            |    26 |   193 |    63 ||   282
Block: Shield            |    55 |   201 |    49 ||   305
       Rpst.: Long sword |    10 |    53 |    13 ||    76
